 Dungeon Crawl Stone Soup version 0.14-a0-1773-ge500af7 (webtiles) character file.

478 Herrn the Shield-Bearer (level 6, -3/53 HPs)
             Began as a Minotaur Fighter on Jan 6, 2014.
             Slain by an orc wizard
             ... wielding a +1,+3 orcish dagger of protection
              (5 damage)
             ... on Level 4 of the Dungeon.
             The game lasted 00:07:19 (2689 turns).

Herrn the Shield-Bearer (Minotaur Fighter)          Turns: 2689, Time: 00:07:19

HP  -3/53        AC 10     Str 20      XL: 6   Next: 27%
MP   3/3         EV  7     Int 10      God:
Gold 144         SH 20     Dex 12      Spells:  0 memorised,  5 levels left

rFire  . . .     SeeInvis .     a - +0 falchion
rCold  . . .     Clarity  .     b - +0 scale mail
rNeg   . . .     Conserve .     c - +0 shield
rPois  .         rCorr    .     (helmet restricted)
rElec  .         rRot     .     q - +2 cloak
SustAb . .       Spirit   .     (no gloves)
rMut   .         Warding  .     (no boots)
Saprov . . .     Stasis   .     (no amulet)
                                (no ring)
                                (no ring)

@: brilliant, very slightly contaminated, hasted, very quick, slightly resistant
to hostile enchantments, extremely unstealthy
A: retaliatory headbutt, horns 2
a: no special abilities


You were on level 4 of the Dungeon.
You were very hungry.

You visited 1 branch of the dungeon, and saw 4 of its levels.

You collected 144 gold pieces.

Inventory:

Hand weapons
 a - a +0,+0 falchion (weapon)
Armour
 b - a +0 scale mail (worn)
 c - a +0 shield (worn)
 q - a +2 cloak (worn)
Magical devices
 p - a wand of frost (6)
Comestibles
 d - 2 bread rations
 j - 3 meat rations
 r - a slice of pizza
Scrolls
 e - 4 scrolls of identify {unknown}
 f - 3 scrolls of remove curse {unknown}
 g - 2 scrolls of enchant armour {unknown}
 h - 2 scrolls of fog {unknown}
 k - a scroll of curse jewellery {unknown}
 l - a scroll of teleportation {unknown}
 m - 2 scrolls of magic mapping {unknown}
 o - a scroll of amnesia {unknown}
 t - a scroll of random uselessness {unknown}


   Skills:
 * Level 4.6 Fighting
 * Level 4.6 Long Blades
 + Level 4.6 Armour
 * Level 3.2 Dodging
 + Level 4.8 Shields


You had 5 spell levels left.
You didn't know any spells.

Dungeon Overview and Level Annotations

Branches:
Dungeon (4/16)
 Temple: D:4-7

Altars:


Innate Abilities, Weirdness & Mutations

You reflexively headbutt those who attack you in melee.
You have a pair of horns on your head.


Message History

You feel clever all of a sudden.
It was a potion of brilliance.
The orc wizard mumbles some strange words.
The orc wizard blinks!
The orc wizard casts a spell at you. The magic dart hits you!
* * * LOW HITPOINT WARNING * * *
You miss the orc wizard.
The orc wizard is almost dead.
The orc wizard gestures at you while chanting.
You resist.
The orc wizard hits you but does no damage.
You hit the orc wizard.
You kill the orc wizard!
You hit the orc wizard but do no damage.
The orc wizard is severely wounded.
You feel yourself speed up. You block the orc wizard's attack.
The orc wizard hits you with a glowing orcish dagger.
You die...

!#......
....#...##
#.........
........#
#.#.#.... #
.........##.#####
.................
...#.###.#########
#.....)@o.....# #
#####.#######.#
####### #.#
#...... #.#
#...... #.####
.......# #....#
.......# #.##.#
.......#. #.##.#
...#####. #....#


You could see an orc wizard.

Vanquished Creatures
  The ghost of timbw the Charmwright, a weakling HuSk (D:3)
  Crazy Yiuf (D:2)
  A centaur skeleton (D:4)
  A hound (D:4)
  A worker ant (D:4)
  An orc wizard (D:4)
  4 gnolls
  3 adders
  2 worms
  An adder skeleton (D:4)
  5 giant geckos
  3 orcs (D:4)
  3 giant cockroaches
  9 goblins
  3 hobgoblins
  9 jackals
  A quokka (D:2)
  10 bats
  7 giant newts
  4 kobolds
  An orc skeleton (D:4)
  12 rats
83 creatures vanquished.

Notes
Turn   | Place    | Note
--------------------------------------------------------------
     0 | D:1      | Herrn, the Minotaur Fighter, began the quest for the Orb.
     0 | D:1      | Reached XP level 1. HP: 19/19 MP: 1/1
   113 | D:1      | Reached XP level 2. HP: 25/27 MP: 1/1
   288 | D:1      | Reached skill level 1 in Dodging
   321 | D:1      | Reached skill level 4 in Shields
   328 | D:1      | Reached XP level 3. HP: 26/33 MP: 2/2
   844 | D:2      | Reached XP level 4. HP: 38/40 MP: 2/2
  1153 | D:2      | Noticed Crazy Yiuf
  1161 | D:2      | Killed Crazy Yiuf
  1727 | D:3      | Reached XP level 5. HP: 46/46 MP: 2/2
  2048 | D:3      | Noticed timbw's ghost (weakling HuSk)
  2066 | D:3      | Killed timbw's ghost
  2556 | D:4      | Reached XP level 6. HP: 51/53 MP: 3/3
  2681 | D:4      | HP: 2/53 [orc wizard/orcish dagger (1)]
  2686 | D:4      | HP: 1/53 [orc wizard/magic dart (2)]
  2689 | D:4      | Slain by an orc wizard

Action                   |  1- 3 |  4- 6 || total
-------------------------+-------+-------++-------
Melee: Falchion          |    91 |   172 ||   263
  Use: Potion            |       |     3 ||     3
